 Dungeon Crawl Stone Soup version 0.22.1-1-ga44c0e5 (webtiles) character file.

1386 juanjsm the Covert (level 8, -1/36 HPs)
             Began as a Spriggan Enchanter on Oct 23, 2018.
             Shot with an arrow by a centaur (17 damage)
             ... on level 6 of the Dungeon.
             The game lasted 00:22:59 (4455 turns).

juanjsm the Covert (Spriggan Enchanter)             Turns: 4455, Time: 00:23:00

Health: -1/36      AC:  2    Str:  4    XL:     8   Next: 40%
Magic:  3/16       EV: 21    Int: 19    God:
Gold:   175        SH:  0    Dex: 16    Spells: 8/17 levels left

rFire    + . .     SeeInvis +   a - +1 dagger
rCold    . . .     Gourm    .   (shield restricted)
rNeg     . . .     Faith    .   b - +0 robe
rPois    .         Spirit   .   (helmet restricted)
rElec    .         Reflect  .   (no cloak)
rCorr    .         Harm     .   (gloves unavailable)
MR       +....                  (boots unavailable)
Stlth    ++++......             (no amulet)
HPRegen  0.12/turn              (no ring)
MPRegen  0.15/turn              (no ring)

@: drained, very quick
A: very small, unfitting armour, see invisible, fire resistance 1, herbivore,
speed 3, slow metabolism 2, MP-powered wands
a: no special abilities


You were on level 6 of the Dungeon.
You were not hungry.

You visited 1 branch of the dungeon, and saw 6 of its levels.

You collected 175 gold pieces.

Inventory:

Hand Weapons
 a - a +1 dagger (weapon)
 u - a +2 falchion of holy wrath
 w - a +4 falchion
 x - a +3 spear
 y - a +2 flail of crushing
 F - a +0 hunting sling
 G - a cursed +3 short sword
Missiles
 e - 7 poisoned needles
 j - 48 sling bullets
 k - a throwing net (quivered)
Armour
 b - a +0 robe (worn)
 A - a +2 buckler
Jewellery
 l - a cursed -2 ring of evasion {unknown}
Wands
 q - a wand of flame (68)
 E - a wand of paralysis (18)
Scrolls
 f - 2 scrolls of identify
 h - 2 scrolls of enchant armour {unknown}
 n - a scroll of blinking {unknown}
 o - 2 scrolls of remove curse {unknown}
 r - 3 scrolls of magic mapping {unknown}
 t - 3 scrolls of teleportation {unknown}
 v - a scroll of random uselessness {unknown}
 z - a scroll of fear {unknown}
 C - a scroll of amnesia {unknown}
 D - 3 scrolls of fog {unknown}
Potions
 c - a potion of haste
 g - a potion of resistance
 i - 3 potions of lignification
 m - 3 potions of curing
 p - 3 potions of might
 s - a potion of heal wounds
 B - a potion of magic {unknown}
Comestibles
 d - 7 rations


   Skills:
 * Level 5.8(5.6) Short Blades
 * Level 6.3(6.1) Dodging
 * Level 9.3(9.1) Stealth
 * Level 1.8(1.6) Shields
 + Level 5.2(5.0) Spellcasting
 + Level 5.6(5.4) Hexes


You had 8 spell levels left.
You knew the following spells:

 Your Spells              Type           Power        Failure   Level  Hunger
a - Corona                Hex            ####...      1%          1    None
b - Ensorcelled Hibernat  Hex/Ice        ###...       6%          2    #......
c - Confuse               Hex            ####....     4%          3    ##.....
d - Dazzling Spray        Conj/Hex       ###...       12%         3    ##.....

Your spell library contained the following spells:

 Spells                   Type           Power        Failure   Level  Hunger
 Tukima's Dance           Hex            ####....     4%          3    ##.....


Dungeon Overview and Level Annotations

Branches:
Dungeon (6/15)
 Temple: D:4-7

Altars:
Ashenzari
Dithmenos
Gozag
Okawaru
Ru
Uskayaw

Annotations:
D:6 Menkaure


Innate Abilities, Weirdness & Mutations

You are very small and have problems with some larger weapons.
You are too small for most types of armour.
You have supernaturally acute eyesight. (SInv)
You are a herbivore.
You cover ground extremely quickly.
You need to consume almost no food.
Your flesh is heat resistant. (rF+)
You expend magic power (3 MP) to strengthen your wands.


Message History

Casting: Ensorcelled Hibernation (safe; 6% risk of failure)
Confirm with . or Enter, or press ? or * to list all spells.
Aiming: Ensorcelled Hibernation (safe; 6% risk of failure)
Press: ? - help, Shift-Dir - straight line, f - adder
Aim: an adder (hasn't noticed you, chance to defeat MR: 54%)
The adder looks drowsy...
A centaur comes into view.
The helpless adder fails to defend itself.
You skewer the adder like a kebab!!!
You kill the adder!
Menkaure, Prince of Dust comes into view.
Menkaure shouts!
The centaur shouts!
The centaur wields a shortbow.
The centaur shoots an arrow.
The arrow hits you!
Menkaure calls on the powers of darkness!
The centaur convulses!
Your body is wracked with pain!
Things that are here:
an arrow; an adder corpse
Found a ration.
The centaur shoots an arrow.
The arrow hits you!
You die...

#.# ...............M.#
..######.###.##...#c#..#.#
.............###.##.#.....
..######.###.###.##.#.# #
)[....# .# ..........#
..###.##.# #.###...(####.#
..###.#.#.##.###...........
.......###...........##..##
..###...#.......@..#$# #
..# #..#.###.###.(.#.# ..#
#..### # #.....#
..###..#####. ##..###
..>.......... #..#
#.###..###### #%.. #.#
#..###### ##.## #.#
#.......# .# #.# #.####.>.#


You could see a centaur.

Vanquished Creatures
  A wyvern (D:6)
  Edmund (D:5)
  A phantom (D:4)
  An ogre (D:4)
  A centaur (D:6)
  A bullfrog (D:6)
  2 scorpions
  9 wights
  A howler monkey (D:6)
  2 crimson imps
  Ijyb (D:5)
  A worker ant (D:4)
  A hound zombie (D:6)
  4 gnolls (D:4)
  9 adders
  2 oozes
  A worm (D:2)
  3 leopard geckos
  An orc (D:3)
  A ball python (D:2)
  4 giant cockroaches
  7 goblins
  7 hobgoblins
  5 jackals (D:2)
  3 quokkas
  10 bats
  2 frilled lizards
  5 kobolds
  8 rats
95 creatures vanquished.

Notes
Turn   | Place    | Note
-------+----------+-------------------------------------------
     0 | D:1      | juanjsm the Spriggan Enchanter began the quest for the Orb.
     0 | D:1      | Reached XP level 1. HP: 9/9 MP: 5/5
   311 | D:1      | Reached XP level 2. HP: 8/13 MP: 6/6
   315 | D:1      | Learned a level 2 spell: Ensorcelled Hibernation
   504 | D:1      | Reached skill level 5 in Stealth
   764 | D:1      | Reached XP level 3. HP: 14/16 MP: 1/8
   769 | D:1      | Learned a level 3 spell: Confuse
  1255 | D:2      | Found a faded altar of an unknown god.
  1603 | D:2      | Reached XP level 4. HP: 21/21 MP: 4/9
  1608 | D:2      | Learned a level 3 spell: Dazzling Spray
  1906 | D:2      | Found an iron altar of Okawaru.
  2066 | D:3      | Found a hide-covered altar of Uskayaw.
  2716 | D:3      | Found a sacrificial altar of Ru.
  2792 | D:4      | Reached skill level 6 in Stealth
  2809 | D:4      | Reached XP level 5. HP: 24/24 MP: 9/11
  2847 | D:4      | Noticed an ogre
  2931 | D:4      | Noticed an ogre
  2936 | D:4      | Killed an ogre
  2936 | D:4      | Reached XP level 6. HP: 28/28 MP: 3/12
  2965 | D:4      | Found a shattered altar of Ashenzari.
  2982 | D:4      | Reached skill level 7 in Stealth
  3002 | D:4      | Found an opulent altar of Gozag.
  3402 | D:4      | Reached XP level 7. HP: 26/32 MP: 1/14
  3519 | D:5      | Entered Level 5 of the Dungeon
  3530 | D:5      | Noticed Edmund
  3545 | D:5      | Killed Edmund
  3545 | D:5      | Reached skill level 5 in Dodging
  3545 | D:5      | Reached skill level 8 in Stealth
  3545 | D:5      | Reached skill level 5 in Hexes
  3637 | D:5      | Gained mutation: You expend magic power (3 MP) to
                  | strengthen your wands. [potion of mutation]
  3637 | D:5      | Gained mutation: Your flesh is heat resistant. (rF+)
                  | [potion of mutation]
  3806 | D:5      | Noticed Ijyb
  3808 | D:5      | Killed Ijyb
  3831 | D:5      | Found a shadowy altar of Dithmenos.
  3916 | D:5      | Reached skill level 5 in Short Blades
  4201 | D:6      | Noticed a wyvern
  4203 | D:6      | Killed a wyvern
  4203 | D:6      | Reached skill level 1 in Shields
  4235 | D:6      | Reached XP level 8. HP: 36/36 MP: 12/16
  4243 | D:6      | Reached skill level 5 in Spellcasting
  4269 | D:6      | Reached skill level 9 in Stealth
  4452 | D:6      | Noticed Menkaure
  4455 | D:6      | Shot with an arrow by a centaur

Skill      XL: |  1  2  3  4  5  6  7  8 |
---------------+-------------------------+-----
Stealth        | 5 6 7 8 9 |  9.3
Spellcasting   | 3 4 5 |  5.2
Short Blades   | 2 3 4 5 |  5.8
Hexes          | 4 5 |  5.6
Dodging        | 4 5 6 |  6.3
Shields        | 1 |  1.8

Action                   |  1- 3 |  4- 6 |  7- 9 || total
-------------------------+-------+-------+-------++-------
Melee: Dagger            |    99 |   105 |   108 ||   312
Throw: Throwing net      |       |     2 |       ||     2
 Cast: Corona            |     6 |       |       ||     6
       Ensorcelled Hiber |    29 |    29 |     8 ||    66
       Confuse           |       |     9 |    17 ||    26
  Use: Scroll            |       |     5 |     2 ||     7
       Potion            |       |       |     1 ||     1
 Stab: Sleeping          |    26 |    21 |    15 ||    62
       Confused          |       |     6 |    10 ||    16
  Eat: Ration            |       |     2 |     1 ||     3
Armor: Robe              |    14 |     5 |     3 ||    22
Dodge: Dodged            |   105 |    66 |    60 ||   231
